 Dungeon Crawl Stone Soup version 0.31.0-32-g396128a36d (webtiles) character file.

Game seed: 12363333247034825699

1453 TreeGuy the Grappler (level 8, -5/56 (70) HPs)
             Began as a Minotaur Berserker on Mar 11, 2024.
             Was an Elder of Trog.
             Slain by Jeremiah
             ... wielding a +2 trident of draining
              (7 damage)
             ... on level 7 of the Dungeon.
             The game lasted 00:21:25 (8336 turns).

TreeGuy the Grappler (Minotaur Berserker)           Turns: 8336, Time: 00:21:26

HP:   -5/56 (70)    AC:  6    Str: 25    XL:     8   Next: 47%
MP:   7/7           EV: 13    Int:  4    God:    Trog [****..]
Gold: 362           SH:  0    Dex:  9    Spells: 7/7 levels left

rFire   . .          .
                       - Unarmed
rCold   . . .        (no shield)
rNeg    . . .        a - +0 animal skin
rPois   .            u - +2 hat
rElec   .            (no cloak)
rCorr   .            h - +1 pair of gloves
SInv    .            (no boots)
Will    .....        (no amulet)
Stlth   ++           (no ring)
HPRegen 0.29/turn    (no ring)
MPRegen 0.10/turn

%: no passive effects
@: heavily drained
A: horns 2, retaliatory headbutt
a: Renounce Religion, Berserk, Trog's Hand, Brothers in Arms


You were on level 7 of the Dungeon.
You worshipped Trog.
Trog was greatly pleased with you.
You visited 1 branch of the dungeon, and saw 7 of its levels.

You collected 362 gold pieces.

Inventory:

Armour
 a - a +0 animal skin (worn)
 h - a +1 pair of gloves (worn)
 u - a +2 hat (worn)
 x - a +0 scale mail
Magical Staves
 d - a staff of alchemy
 i - a staff of air
Talismans
 s - a beast talisman
Wands
 y - a wand of digging (7)
Scrolls
 b - a scroll of poison {unknown}
 f - a scroll of noise
 k - 3 scrolls of vulnerability
 l - a scroll of amnesia {unknown}
 o - a scroll of teleportation {unknown}
 q - a scroll of fog {unknown}
 v - a scroll of blinking {unknown}
 w - 3 scrolls of identify
 z - a scroll of revelation {unknown}
 A - a scroll of fear {unknown}
 C - a scroll of silence {unknown}
Potions
 c - 3 potions of might
 e - a potion of magic
 g - a potion of haste {unknown}
 j - a potion of resistance
 m - a potion of heal wounds {unknown}
 n - 3 potions of curing {unknown}
 p - 2 potions of berserk rage {unknown}
 r - a potion of mutation {unknown}
 t - a potion of cancellation {unknown}
 B - a potion of ambrosia {unknown}


   Skills:
 + Level 5.8 Fighting
 + Level 2.6 Armour
 + Level 5.8 Dodging
 + Level 2.8 Stealth
 + Level 9.0 Unarmed Combat


You had 7 spell levels left.
You didn't know any spells.
Your spell library contained the following spells:

 Spells                   Type           Power      Damage    Failure   Level
 Freeze                   Ice            0%         1d3       50%         1
 Call Imp                 Summ           0%         N/A       65%         2
 Sublimation of Blood     Necr           0%         N/A       65%         2
 Frozen Ramparts          Ice            0%         1d1       86%         3
 Fugue of the Fallen      Necr           0%         N/A       86%         3
 Hailstorm                Conj/Ice       0%         3d5       86%         3
 Ozocubu's Armour         Ice            0%         N/A       86%         3
 Stone Arrow              Conj/Erth      0%         3d7       86%         3
 Animate Armour           Summ/Erth      0%         N/A       99%         4
 Manifold Assault         Tloc           0%         N/A       99%         4
 Summon Hydra             Summ           0%         N/A       100%        7
 Lehudib's Crystal Spear  Conj/Erth      0%         10d2      100%        8


Dungeon Overview and Level Annotations

Branches:
Dungeon (7/15)             Temple (0/1) D:4

Altars:
Ashenzari
Hepliaklqana
Kikubaaqudgha
Makhleb
Trog
Vehumet
Xom
Yredelemnul

Annotations:
D:7 Jeremiah


Innate Abilities, Weirdness & Mutations

You have a pair of horns on your head.
You reflexively headbutt those who attack you in melee.


Message History

You hit Jeremiah. Your headbutt misses Jeremiah.
Jeremiah is lightly wounded.
Jeremiah hops!
Found a murky golden potion.
The butterfly disappears in a burst of colours! x2
Jeremiah lets out a twisted cry.
Something smites you!
The butterfly disappears in a burst of colours!
Jeremiah hits you from afar with a +2 trident of draining.
You feel drained.
You punch the butterfly!
You kill the butterfly!
The butterfly disappears in a burst of colours!
Jeremiah barely misses you.
You miss the butterfly. Your headbutt misses the butterfly.
The butterfly disappears in a burst of colours!
The butterfly disappears in a burst of colours!
Jeremiah's eyes momentarily flash bright red.
Jeremiah hits you with a +2 trident of draining!
* * * LOW HITPOINT WARNING * * *
You feel drained.
* * * LOW HITPOINT WARNING * * *
You hit Jeremiah but do no damage.
Jeremiah is lightly wounded.
The butterfly disappears in a burst of colours! x2
Jeremiah hits you with a +2 trident of draining.
* * * LOW HITPOINT WARNING * * *
You feel drained.
You closely miss Jeremiah.
Jeremiah is lightly wounded.
Jeremiah hits you with a +2 trident of draining!
* * * LOW HITPOINT WARNING * * *
You feel drained.
* * * LOW HITPOINT WARNING * * *
You hit Jeremiah. Your headbutt misses Jeremiah.
Jeremiah is lightly wounded.
The butterfly disappears in a burst of colours!
Jeremiah hits you with a +2 trident of draining!
You die...
Jeremiah says, "O terrible one, your will is done."

#..b..(..
.........
#bb......
.....b...
#####.....b..
#...#.b..)...
#...#.b.b....
#...#.b......
#...#@b....b.
#...#Fb.b....
#.<.b.).....<
#..b###......
#...# ##....
#...# ##..
#...# ..
##.## #.#


You could see Jeremiah.

Vanquished Creatures
  2 water moccasins
  2 black bears (D:6)
  A centaur (D:6)
  2 phantoms (D:4)
  Blork the orc (D:4)
  A scorpion (D:4)
  A howler monkey (D:6)
  3 hounds
  A bombardier beetle (D:5)
  5 orc priests
  4 iguanas
  A sleepcap (D:6)
  Terence (D:3)
  A gnoll (D:1)
  10 adders
  2 ufetubi (D:5)
  A dart slug (D:2)
  2 ribbon worms
  28 orcs
  9 ball pythons
  7 endoplasms
  5 giant cockroaches
  7 goblins
  11 hobgoblins
  7 jackals
  2 quokkas
  8 bats
  2 frilled lizards (D:1)
  7 kobolds
  7 rats
  A spectral hobgoblin (D:3)
142 creatures vanquished.

Notes
Turn   | Place    | Note
-------+----------+-------------------------------------------
     0 | D:1      | TreeGuy the Minotaur Berserker began the quest for the Orb.
     0 | D:1      | Reached XP level 1. HP: 19/19 MP: 0/0
    53 | D:1      | Reached XP level 2. HP: 4/27 MP: 1/1
   457 | D:1      | Reached XP level 3. HP: 31/34 MP: 2/2
   486 | D:1      | Reached ** piety under Trog
   664 | D:1      | Found a faded altar of an unknown god.
   807 | D:1      | Reached skill level 4 in Unarmed Combat
  1835 | D:2      | Reached XP level 4. HP: 38/41 MP: 3/3
  2497 | D:3      | Reached skill level 5 in Fighting
  2635 | D:3      | Reached XP level 5. HP: 40/48 MP: 4/4
  2766 | D:3      | Found a bloodstained altar of Trog.
  2988 | D:3      | Found a shimmering altar of Xom.
  3222 | D:3      | Reached skill level 5 in Unarmed Combat
  3380 | D:3      | Found a hazy altar of Hepliaklqana.
  3391 | D:3      | Reached *** piety under Trog
  3604 | D:3      | Noticed Terence
  3619 | D:3      | Killed Terence
  3620 | D:3      | Reached skill level 1 in Stealth
  3824 | D:4      | Noticed a phantom
  3832 | D:4      | Killed a phantom
  3833 | D:4      | Reached XP level 6. HP: 51/56 MP: 5/5
  3868 | D:4      | Reached skill level 6 in Unarmed Combat
  3872 | D:4      | Found a staircase to the Ecumenical Temple.
  4118 | D:4      | Found a burning altar of Makhleb.
  4610 | D:4      | Noticed Blork the orc
  4640 | D:4      | Reached XP level 7. HP: 17/61 MP: 6/6
  4640 | D:4      | Killed Blork the orc
  5230 | D:5      | Entered Level 5 of the Dungeon
  5303 | D:5      | Reached skill level 7 in Unarmed Combat
  5360 | D:5      | Reached **** piety under Trog
  7007 | D:6      | Found a basalt altar of Yredelemnul.
  7064 | D:6      | Reached skill level 5 in Dodging
  7103 | D:6      | Reached skill level 8 in Unarmed Combat
  7103 | D:6      | Reached XP level 8. HP: 34/69 MP: 7/7
  7266 | D:6      | Found an ancient bone altar of Kikubaaqudgha.
  7266 | D:6      | Found a radiant altar of Vehumet.
  7684 | D:6      | Identified the +3 ring mail "Hits" {Slay+3 SInv Stlth+}
  7932 | D:6      | Found a broken altar of Ashenzari.
  8131 | D:7      | Noticed Jeremiah
  8146 | D:7      | Reached skill level 9 in Unarmed Combat
  8335 | D:7      | HP: 2/56 [Jeremiah/+2 trident of draining (2)]
  8336 | D:7      | Slain by Jeremiah

Illustrated notes

Levels and vault maps discovered:
D:1:      dpeg_arrival_rooms_b, layout_basic, hellmonk_ecumenical_altar_run_dry,
          nicolae_twisty_statue_hallways
D:2:      layout_loops_corners
D:3:      layout_loops_cross, regret_index_xom_buried_treasure,
          nicolae_hepliaklqana_monster_ancestors, lemuel_tele_altar,
          serial_forest, infiniplex_forest_diagonal,
          infiniplex_forest_clump_double, infiniplex_forest_side_room,
          infiniplex_forest_clump_curved, infiniplex_forest_end_3,
          infiniplex_forest_clump_tiny, infiniplex_forest_3_way, minivault_14,
          chequers_serial_rivers_small_b, uniq_terence
D:4:      layout_rooms, mainiacjoe_overflow_cross_hatched,
          minmay_temple_entry_sparse_star, minmay_misc_feat_tower, st_stairs_5,
          uniq_blork_the_orc
D:5:      layout_loops_corners
D:6:      layout_layer_cave, lemuel_coloured_pillars_altar,
          gammafunk_temple_overflow_elements, lemuel_round_altar,
          nicolae_concentric_dashed_squares_wild
D:7:      layout_rooms, mainiacjoe_overflow_surrounded_room, dk_vineyard_3,
          uniq_crazy_yiuf_cottage, uniq_menkaure, uniq_jeremiah

Skill      XL: |  1  2  3  4  5  6  7  8 |
---------------+-------------------------+-----
Fighting       | 4 5 |  5.8
Unarmed Combat | 4 5 6 8 9 |  9.0
Dodging        | 3 4 5 |  5.8
Stealth        | 1 2 |  2.8
Armour         | |  2.6

Action                     |  1- 3 |  4- 6 |  7- 9 || total
---------------------------+-------+-------+-------++-------
  Melee: Unarmed           |    97 |   133 |   108 ||   338
         Headbutt          |    13 |    31 |    14 ||    58
         Punch             |     1 |     3 |     5 ||     9
    Use: Scroll            |       |     4 |     2 ||     6
   Stab: Sleeping          |     1 |       |     1 ||     2
 Armour: Animal skin       |    49 |    83 |    70 ||   202
  Dodge: Dodged            |    70 |    95 |    65 ||   230
